 Dungeon Crawl Stone Soup version 0.19.4-8-ga85b6b9 (webtiles) character file.

123 vatarom the Skirmisher (level 4, 0/42 HPs)
             Began as a Draconian Monk on Feb 12, 2017.
             Slain by an orc warrior
             ... wielding a +0 mace
              (13 damage)
             ... on level 3 of the Dungeon.
             The game lasted 00:03:39 (2207 turns).

vatarom the Skirmisher (Draconian Monk)             Turns: 2207, Time: 00:03:40

Health: 0/42       AC:  5    Str: 14    XL:     4   Next: 79%
Magic:  4/4        EV: 14    Int: 10    God:
Gold:   82         SH:  0    Dex: 14    Spells: 0 memorised, 3 levels left

rFire  . . .     SeeInvis .     d - +2 dagger (flame)
rCold  . . .     Gourm    .     (armour unavailable)
rNeg   . . .     Faith    .     (no shield)
rPois  .         Spirit   .     (helmet restricted)
rElec  .         Reflect  .     (no cloak)
rCorr  .         Harm     .     (no gloves)
MR     .....                    (no boots)
Stlth  ++........               (no amulet)
                                (no ring)
                                (no ring)

@: no status effects
A: unfitting armour, cold-blooded, AC +5
a: no special abilities


You were on level 3 of the Dungeon.
You were completely stuffed.

You visited 1 branch of the dungeon, and saw 3 of its levels.

You collected 82 gold pieces.

Inventory:

Hand Weapons
 a - a +0 mace
 d - a +2 dagger of flaming (weapon)
Scrolls
 h - a scroll of fog {unknown}
 j - a scroll of amnesia
Potions
 e - a potion of agility
 i - a potion of cancellation {unknown}
Comestibles
 b - 3 bread rations
 c - a meat ration
 f - 4 fruits
 g - a slice of pizza


   Skills:
 - Level 5.2 Fighting
 - Level 3.0 Maces & Flails
 + Level 3.7 Dodging
 - Level 1.7 Stealth


You had 3 spell levels left.
You didn't know any spells.

Dungeon Overview and Level Annotations

Branches:
Dungeon (3/15)

Altars:


Innate Abilities, Weirdness & Mutations

Your plain brown scales are hard. (AC +5)
You cannot fit into any form of body armour.
You are cold-blooded and may be slowed by cold attacks.


Message History

The orc priest is almost dead.
The orc priest casts a cantrip, but nothing happens.
The orc hits you but does no damage.
The orc priest hits you but does no damage.
You barely miss the orc priest.
The orc priest is almost dead.
The orc priest barely misses you. The orc priest closely misses you.
The orc closely misses you.
You hit the orc priest. You burn the orc priest.
You kill the orc priest!
You feel your strength returning.
The orc priest hits you but does no damage.
The orc barely misses you.
The orc priest mumbles some strange prayers to Beogh against you.
Beogh smites you!
* * * LOW HITPOINT WARNING * * *
You closely miss the orc warrior.
You tail-slap the orc warrior, but do no damage.
The orc warrior hits you with a mace!
You die...

#.## ##.....## ...##
#.......##
#...####.........#
...... +.........'
###...# #.........#
#.o$.# ##.......## #
#.#o# ##..>..##
#.#.#o# ##...##
#.#.#@# ##+# #.....#
#.# ###.### #.# #.#
##.## #.# ##...####
#.# #........
#.###########....###
#...........##.#.# #
###########.##.#.# #


You could see an orc warrior, an orc priest and an orc.

Vanquished Creatures
  An orc priest (D:3)
  5 adders
  2 worms
  5 orcs (D:3)
  A giant cockroach (D:1)
  4 goblins
  A hobgoblin (D:3)
  4 jackals (D:1)
  7 kobolds
  A quokka (D:3)
  A ball python (D:2)
  3 bats
  2 frilled lizards
  5 rats
42 creatures vanquished.

Notes
Turn   | Place    | Note
-------+----------+-------------------------------------------
     0 | D:1      | vatarom the Draconian Monk began the quest for the Orb.
     0 | D:1      | Reached XP level 1. HP: 19/19 MP: 1/1
   305 | D:1      | Reached skill level 4 in Fighting
   305 | D:1      | Reached XP level 2. HP: 27/27 MP: 2/2
  1023 | D:2      | Reached XP level 3. HP: 34/34 MP: 3/3
  1383 | D:3      | Reached skill level 5 in Fighting
  1514 | D:3      | Reached XP level 4. HP: 25/42 MP: 4/4
  2197 | D:3      | Noticed an orc warrior
  2207 | D:3      | Slain by an orc warrior

Skill      XL: |  1  2  3  4 |
---------------+-------------+-----
Fighting       | 4 5 |  5.2
Dodging        | 3 |  3.7
Maces & Flails | |  3.0
Stealth        | |  1.7

Action                   |  1- 3 |  4- 6 || total
-------------------------+-------+-------++-------
Melee: Mace              |    19 |       ||    19
       Dagger            |    66 |    51 ||   117
       Tailslap          |    11 |     7 ||    18
  Use: Scroll            |     9 |       ||     9
       Potion            |     4 |       ||     4
 Stab: Sleeping          |     6 |     1 ||     7
  Eat: Chunk             |     1 |     2 ||     3
       Meat ration       |       |     2 ||     2
Armor: Skin              |    27 |    12 ||    39
Dodge: Dodged            |    62 |    32 ||    94
